Map: Site Delta LE

Players

demzi - Winner!

  • Race: Zerg Zerg
  • League: Diamond
  • Spawn Location: 5:00

govnoedishe

  • Race: Protoss Protoss
  • League: Diamond
  • Spawn Location: 11:00

VOD

Have the link to the VOD?

Description

Time

  • Played on: March 24, 2024, 8:27 p.m.
  • Length: 13:55
Show
View Real Time Build Order
Export as new Build Order

demzi Zerg - Winner!

Build Orders: Hatch First 

Get SALT Encoding   

  12  0:00  Drone  
  13  0:12  Overlord  
  13  0:18  Drone  
  14  0:31  Drone x2  
  16  0:49  Hatchery  
  15  0:52  Drone  
  15  0:55  Drone  
  17  0:59  Drone  
  18  1:09  Extractor  
  17  1:15  Spawning Pool  
  17  1:18  Drone  
  17  1:22  Drone  
  18  1:28  Drone  
  19  1:38  Drone  
  20  1:49  Overlord  
  20  2:01  Queen  
  20  2:02  Queen  
  20  2:03  Zergling x4  
  26  2:11  Drone  
  26  2:12  Drone  
  28  2:23  Drone x2  
  30  2:33  Drone  
  30  2:34  Drone  
  32  2:42  Queen  
  32  2:43  Overlord  
  34  3:01  Drone x3  
  37  3:06  Metabolic Boost  
  37  3:07  Hatchery  
  37  3:12  Drone  
  37  3:13  Drone x2  
  37  3:15  Drone  
  37  3:17  Drone  
  41  3:23  Queen  
  43  3:27  Overlord  
  43  3:33  Lair  
  43  3:39  Evolution Chamber  
  42  3:42  Evolution Chamber  
  42  3:45  Baneling Nest  
  42  3:46  Drone  
  42  3:47  Drone  
  42  3:48  Drone  
  43  3:52  Spore Crawler  
  43  3:55  Spore Crawler  
  41  4:11  Drone x8  
  41  4:16  Overlord  
  49  4:18  Drone  
  49  4:20  Drone  
  49  4:23  Extractor, Drone x3  
  53  4:30  Zergling x8  
  57  4:39  Drone  
  57  4:40  Drone  
  59  4:48  Drone  
  59  4:49  Drone x3  
  66  4:52  Drone x3  
  66  4:53  Extractor  
  66  4:54  Overlord x2  
  65  5:01  Zergling x2  
  65  5:04  Overlord x2  
  66  5:10  Overlord, Hydralisk Den  
  65  5:22  Overlord x2  
  65  5:23  Drone x2  
  65  5:24  Drone x3  
  70  5:34  Zerg Melee Weapons Level 1  
  70  5:38  Centrifugal Hooks  
  70  5:42  Drone x3, Extractor  
  72  5:43  Drone x3, Hatchery  
  74  5:55  Zerg Ground Armor Level 1  
  74  5:56  Overlord x5  
  74  6:13  Drone x3  
  74  6:14  Hatchery  
  74  6:18  Queen  
  78  6:20  Hatchery  
  77  6:27  Hydralisk x4  
  77  6:30  Zergling x2  
  77  6:31  Zergling x8  
  77  6:32  Zergling x2  
  91  6:33  Zergling x2  
  92  6:40  Drone x2  
  92  6:43  Extractor, Drone x3  
  92  6:44  Drone x2  
  92  6:45  Drone  
  92  6:46  Extractor  
  98  6:53  Hydralisk  
  100  6:54  Hydralisk x3  
  100  6:55  Hydralisk  
  107  7:10  Zergling x22  
  105  7:30  Hydralisk x7  
  108  7:39  Queen  
  109  7:46  Hydralisk x2  
  109  7:47  Hydralisk  
  109  7:48  Zergling x24  
  127  7:57  Drone x7  
  134  8:03  Overlord  
  134  8:04  Overlord  
  134  8:14  Extractor  
  134  8:18  Extractor  
  132  8:23  Hydralisk x2  
  132  8:24  Hydralisk x6  
  149  8:27  Zergling x8  
  149  8:28  Zergling x2  
  149  8:33  Zerg Missile Weapons Level 1  
  153  8:41  Muscular Augments  
  153  8:45  Overseer  
  153  8:50  Drone x3  
  153  8:51  Drone x3  
  153  8:54  Zergling x14  
  166  8:59  Baneling  
  166  9:00  Baneling x5  
  166  9:01  Baneling  
  166  9:03  Baneling  
  166  9:04  Overlord x6  
  166  9:16  Overlord  
  166  9:18  Baneling x2  
  166  9:19  Baneling x5  
  166  9:21  Zergling x2  
  166  9:22  Zergling x18  
  176  9:35  Hatchery  
  176  9:36  Hydralisk  
  176  9:37  Hydralisk x4  
  185  10:01  Hydralisk  
  185  10:02  Hydralisk x6  
  170  10:32  Hydralisk x7  
  170  10:33  Zergling x2  
  170  10:34  Zergling x52  
  163  11:19  Zergling x2  
  163  11:20  Zergling x36  
  163  11:21  Zergling x16  
  136  11:38  Hydralisk  
  136  11:39  Hydralisk x7  
  152  11:40  Zergling x14  
  152  11:41  Zergling x2  
  152  11:43  Baneling  
  152  11:44  Baneling x22  
  152  11:45  Baneling x6  
  160  11:56  Hydralisk x8  
  176  12:02  Hydralisk  
  176  12:03  Hydralisk x2  
  133  12:43  Zergling x2  
  130  12:44  Zergling x40  
  130  12:45  Zergling x18  
  132  13:05  Zergling x2, Hydralisk  
  132  13:06  Hydralisk x14  
  163  13:14  Queen  
  150  13:32  Zergling x2  
Show
View Real Time Build Order
Export as new Build Order

govnoedishe Protoss 

Build Orders: 1 Gate Expand, Blink Stalkers, Chargelot Immortal 

Get SALT Encoding   

  12  0:00  Probe  
  13  0:12  Probe  
  14  0:18  Pylon  
  14  0:24  Probe (Chrono Boost)  
  15  0:37  Probe (Chrono Boost)  
  15  0:38  Gateway  
  16  0:44  Probe (Chrono Boost)  
  16  0:48  Assimilator  
  17  0:51  Probe  
  18  1:03  Probe  
  19  1:09  Pylon  
  19  1:15  Probe  
  20  1:32  Nexus  
  20  1:44  Cybernetics Core  
  20  1:46  Probe  
  21  1:58  Probe  
  21  2:00  Assimilator  
  22  2:11  Probe (Chrono Boost)  
  23  2:18  Stalker (Chrono Boost)  
  23  2:20  Warp Gate  
  23  2:21  Probe (Chrono Boost)  
  26  2:27  Pylon, Probe  
  27  2:40  Stalker  
  27  2:42  Probe (Chrono Boost)  
  30  2:45  Probe (Chrono Boost)  
  32  2:54  Probe (Chrono Boost)  
  32  2:55  Probe (Chrono Boost)  
  33  2:59  Shield Battery, Probe (Chrono Boost)  
  33  3:03  Probe  
  35  3:10  Stalker  
  35  3:11  Probe  
  38  3:14  Twilight Council  
  38  3:15  Probe  
  39  3:23  Probe  
  40  3:27  Pylon, Probe  
  41  3:35  Gateway  
  41  3:36  Probe  
  41  3:39  Gateway, Probe  
  43  3:48  Probe  
  44  3:51  Probe  
  44  3:52  Blink (Chrono Boost)  
  45  4:00  Probe  
  45  4:02  Gateway  
  46  4:04  Probe  
  47  4:11  Pylon  
  47  4:13  Probe  
  47  4:16  Probe  
  49  4:19  Assimilator  
  49  4:23  Stalker  
  51  4:28  Nexus  
  51  4:29  Probe, Pylon  
  51  4:31  Probe  
  53  4:41  Probe  
  53  4:43  Probe  
  53  4:45  Stalker x2  
  59  4:53  Probe  
  59  4:55  Probe  
  61  5:05  Zealot x2  
  65  5:09  Stalker x2  
  69  5:17  Robotics Facility  
  69  5:20  Gateway  
  69  5:21  Gateway  
  69  5:26  Zealot x2  
  73  5:29  Probe x2  
  75  5:37  Sentry  
  75  5:39  Charge  
  77  5:43  Pylon  
  77  5:44  Probe (Chrono Boost)  
  77  5:45  Probe (Chrono Boost)  
  80  5:50  Probe (Chrono Boost)  
  80  5:54  Sentry, Zealot x2, Probe x2 (Chrono Boost)  
  89  5:58  Probe (Chrono Boost)  
  89  6:00  Probe x2  
  89  6:01  Assimilator  
  91  6:08  Observer, Probe  
  93  6:19  Pylon  
  93  6:21  Probe x3, Pylon  
  96  6:28  Shield Battery  
  96  6:29  Immortal  
  96  6:30  Shield Battery  
  100  6:36  Pylon  
  100  6:40  Forge  
  100  6:42  Forge  
  100  6:43  Zealot  
  100  6:44  Zealot x3  
  100  6:45  Sentry, Stalker  
  112  6:59  Probe x3  
  115  7:12  Assimilator  
  115  7:16  Assimilator  
  89  7:43  Zealot  
  89  7:44  Zealot x5  
  95  7:54  Gateway  
  95  7:56  Gateway  
  95  7:59  Gateway  
  95  8:02  Photon Cannon x2, Protoss Ground Weapons Level 1 (Chrono Boost)  
  95  8:03  Protoss Ground Armor Level 1 (Chrono Boost)  
  95  8:10  Nexus  
  95  8:11  Pylon, Probe x3  
  98  8:15  Pylon  
  98  8:17  Pylon  
  98  8:19  Zealot x5  
  108  8:20  Stalker  
  108  8:23  Probe x3  
  113  8:35  Probe x3  
  113  8:38  Gateway x2  
  116  8:41  Gateway  
  116  8:44  Gateway  
  116  8:46  Gateway  
  116  8:47  Gateway, Immortal  
  116  8:48  Gateway  
  120  8:52  Pylon  
  120  8:55  Pylon  
  120  8:59  Pylon  
  120  9:03  Pylon  
  120  9:07  Pylon  
  120  9:12  Templar Archives  
  120  9:18  Probe x3  
  120  9:21  Zealot x5  
  120  9:22  Stalker x4  
  120  9:23  Immortal (Chrono Boost)  
  145  9:37  Zealot x3  
  151  9:54  Psionic Storm  
  151  9:56  Immortal  
  151  9:59  Zealot x4  
  163  10:00  Stalker x3  
  163  10:01  High Templar x7  
  163  10:02  High Templar x2  
  163  10:03  Protoss Ground Weapons Level 2 (Chrono Boost)  
  163  10:05  Protoss Ground Armor Level 2 (Chrono Boost)  
  187  10:07  Assimilator  
  187  10:11  Assimilator  
  148  10:29  Zealot x6  
  148  10:30  Stalker  
  148  10:35  Observer  
  149  10:45  Zealot x3  
  149  10:46  Zealot, Stalker x4  
  149  10:47  Stalker  
  167  10:56  Observer  
  158  11:18  Observer  
  136  11:21  Zealot x2  
  136  11:22  Zealot x3, Stalker  
  136  11:23  Stalker x4  
  121  11:28  High Templar  
  121  11:29  High Templar x3, Probe  
  121  11:30  Probe x3  
  124  11:33  Zealot  
  126  11:41  Probe  
  126  11:42  Probe x3  
  130  11:54  Probe x4  
  134  12:04  Nexus, Zealot x2  
  134  12:05  Zealot x3, Stalker x3  
  134  12:06  High Templar x2, Stalker x2  
  134  12:07  High Templar x2, Assimilator  
  162  12:09  Pylon  
  162  12:12  Pylon  
  162  12:15  Pylon  
  114  12:36  Zealot x3  
  114  12:37  Zealot x6  
  102  12:38  Stalker x2  
  104  12:47  Archon  
  104  12:49  Zealot x4  
  83  13:05  Zealot x4  
  77  13:06  Zealot x3  
  75  13:15  Immortal  
  70  13:24  Stalker x2  
  70  13:25  Stalker  
  45  13:37  Zealot x2  
  27  13:49  Zealot  
Tags
 
Add a new tag
Caveats
  • Supply blocks, unpowered buildings, or Contaminate may cause inaccurate times.
  • Supply counts are checked every 10 seconds.